 Dungeon Crawl Stone Soup version 0.31.0-11-ge490571c62 (webtiles) character file.

Game seed: 4821300308766184983

497 SnakkuSnakku7 the Cudgeller (level 7, 0/50 HPs)
             Began as a Djinni Chaos Knight on Jan 28, 2024.
             Was a Plaything of Xom.
             Killed by divine providence
             ... invoked by an orc priest
              (15 damage)
             ... on level 4 of the Dungeon.
             The game lasted 00:04:34 (3343 turns).

SnakkuSnakku7 the Cudgeller (Djinni Chaos Knight)   Turns: 3343, Time: 00:04:35

Health: 0/50       AC:  9    Str: 13    XL:     7   Next: 38%
Gold:   251        EV: 11    Int: 14    God:    Xom [..*...] SH:  0 Dex: 12

rFire   + . .        a - +0 lajatang
rCold   . . .        (shield currently unavailable)
rNeg    . . .        b - +2 leather armour
rPois   ∞            q - +2 helmet
rElec   .            t - +0 cloak
rCorr   .            (no gloves)
SInv    .            (boots unavailable)
Will    .....        (no amulet)
Stlth   +            i - ring of ice
HPRegen 0.28/turn    (no ring)
MPRegen 0.00/turn

%: infuse magic (-1 HP)
@: flying
A: sickness immunity, fire resistance 2, cold vulnerability 1, float, innate
caster, HP casting, extra vitality 1
a: Renounce Religion


You were on level 4 of the Dungeon.
You worshipped Xom.
You were a toy of Xom.
You visited 1 branch of the dungeon, and saw 4 of its levels.

You collected 251 gold pieces.

Inventory:

Hand Weapons
 a - a +0 lajatang (weapon)
 v - a +0 mace of chaos
 w - a +0 flail
Missiles
 k - 2 throwing nets (quivered)
 l - 4 poisoned darts
Armour
 b - a +2 leather armour (worn)
 q - a +2 helmet (worn)
 t - a +0 cloak (worn)
Jewellery
 i - a ring of ice (left hand)
 o - a ring of resist corrosion
Wands
 u - a wand of flame (11)
Scrolls
 c - a scroll of butterflies
 d - a scroll of identify
 p - a scroll of fog {unknown}
 r - a scroll of enchant weapon {unknown}
 s - a scroll of immolation {unknown}
Potions
 e - 4 potions of enlightenment {unknown}
 f - a potion of mutation {unknown}
 g - a potion of lignification {unknown}
 h - 2 potions of brilliance {unknown}
 m - a potion of attraction
 n - a potion of curing {unknown}


   Skills:
 - Level 3.0 Fighting
 - Level 6.6 Maces & Flails
 + Level 0.0(4.4) Staves
 - Level 1.0 Armour
 - Level 2.1 Dodging


You knew the following spells:

 Your Spells              Type           Power      Damage    Failure   Level
a - Summon Small Mammal   Summ           0%         N/A       36%         1
b - Blink                 Tloc           0%         N/A       50%         2
c - Mercury Vapours       Alch/Air       0%         N/A       50%         2
Your spell library was empty.

Dungeon Overview and Level Annotations

Branches:
Dungeon (4/15)
 Temple: D:4-7

Altars:
Cheibriados
Qazlal
Wu Jian
Zin

Annotations:
D:4 AbbaRin's ghost, amateur TeCj


Innate Abilities, Weirdness & Mutations

You are immune to sickness and miasma.
You are immune to poison.
Your flesh is very heat resistant. (rF++)
You are vulnerable to cold. (rC-)
You float through the air rather than walking.
You learn spells naturally, not from books.
Your magical power is your life essence.
You have superior vitality. (+4 MHP)


Message History

The orc priest is almost dead.
The orc priest misses you. The orc hits you but does no damage.
Unknown command.
The orc attacks as it pursues you! The orc barely misses you.
You closely miss the orc priest.
The orc priest is almost dead.
The orc closely misses you.
The orc priest hits you but does no damage.
The orc priest mumbles some strange prayers to Beogh against you.
Beogh smites you!
* * * LOW HITPOINT WARNING * * *
You closely miss the orc priest.
The orc priest is almost dead.
The orc closely misses you.
The orc priest invokes the aid of Beogh against you.
You struggle to resist.
The orc priest calls down the wrath of Beogh upon you.
Beogh smites you!
* * * LOW HITPOINT WARNING * * *
The orc barely misses you.
You are confused.
You feel invigorated. The orc hits you but does no damage.
The orc priest barely misses you. The orc hits you but does no damage.
You bump into the rock wall.
The orc hits you but does no damage. The orc priest barely misses you.
The orc misses you.
You barely miss the orc. The orc hits you but does no damage.
The orc priest hits you but does no damage.
The orc barely misses you. x2
You bump into the rock wall.
The orc priest invokes the aid of Beogh against you.
Beogh smites you!
* * * LOW HITPOINT WARNING * * *
The orc priest looks encouraged for a moment.
The orc closely misses you. The orc barely misses you.
You bump into the rock wall.
You feel less invigorated.
You feel less confused.
The orc priest calls down the wrath of Beogh upon you.
Beogh smites you!
You die...
Xom guffaws!

.####...##.....##...#
.####...##.....###'##
...#............#...#
...#............#...#
...'.)..........#...#
..###...##......#...##
#'###...##(....##....##
.......!.......#####..########
................@oooo........#
..............8.ooooo.......8#
..^...........######W''#######
..............#....o........#
..............#....#####....#
####....###...#.###.....###.#
###############.#8#..8..#8#.#
#.........# #.............#
'.........# #8....[_.....8#


You could see 2 orc priests, AbbaRin's ghost and 8 orcs.

Vanquished Creatures
  A phantom (D:4)
  Blork the orc (D:4)
  A hound (D:4)
  2 bombardier beetles
  4 iguanas
  An orc wizard (D:4)
  3 adders
  2 ribbon worms
  4 dart slugs
  4 orcs (D:4)
  11 endoplasms
  15 giant cockroaches
  14 goblins
  4 hobgoblins
  3 quokkas
  6 ball pythons
  3 bats
  4 frilled lizards
  2 kobolds
  12 rats
97 creatures vanquished.

Vanquished Creatures (collateral kills)
  A rat (D:3)
1 creature vanquished.

Vanquished Creatures (others)
  A hobgoblin (D:3)
1 creature vanquished.

Grand Total: 99 creatures vanquished

Notes
Turn   | Place    | Note
-------+----------+-------------------------------------------
     0 | D:1      | SnakkuSnakku7 the Djinni Chaos Knight began the quest for
                  | the Orb.
     0 | D:1      | Reached XP level 1. HP: 20/20 MP: 0/0
   154 | D:1      | Reached XP level 2. HP: 10/25 MP: 0/0
   158 | D:1      | Reached skill level 3 in Maces & Flails
   353 | D:1      | Reached XP level 3. HP: 30/30 MP: 0/0
   353 | D:1      | Learned a level 1 spell: Summon Small Mammal
   436 | D:1      | XOM: 1-stop teleportation journey
   828 | D:2      | Reached XP level 4. HP: 35/35 MP: 0/0
   901 | D:2      | Identified the +10 hand axe of the Priest {freeze, rPois
                  | rN+++ Int-5 SInv}
   959 | D:2      | Reached skill level 4 in Maces & Flails
  1259 | D:2      | Found a faded altar of an unknown god.
  1753 | D:3      | Reached XP level 5. HP: 38/40 MP: 0/0
  1753 | D:3      | Learned a level 2 spell: Blink
  1785 | D:3      | XOM: butterfly on damage
  1875 | D:3      | Found an ornate altar of the Wu Jian Council.
  1997 | D:3      | Found a stormy altar of Qazlal.
  2082 | D:3      | XOM: silly message
  2092 | D:3      | Reached skill level 5 in Maces & Flails
  2482 | D:4      | Found a glowing silver altar of Zin.
  2488 | D:4      | Found a snail-covered altar of Cheibriados.
  2497 | D:4      | Reached XP level 6. HP: 46/46 MP: 0/0
  2602 | D:4      | XOM: cleaving
  2620 | D:4      | Found a runed translucent gate.
  2620 | D:4      | Identified the +6 scale mail "Xessaoth" {rPois Str-5 Int+2}
  2620 | D:4      | Noticed AbbaRin's ghost (amateur TeCj)
  2621 | D:4      | Found a runed translucent gate.
  2641 | D:4      | Found a runed translucent gate.
  2667 | D:4      | XOM: 1-stop teleportation journey
  2740 | D:4      | XOM: smoke on damage
  2867 | D:4      | XOM: scenery: 1 doors close
  2915 | D:4      | Noticed Blork the orc
  2926 | D:4      | XOM: noise
  2940 | D:4      | Killed Blork the orc
  2941 | D:4      | Reached skill level 6 in Maces & Flails
  2941 | D:4      | Reached XP level 7. HP: 17/50 MP: 0/0
  2941 | D:4      | Learned a level 2 spell: Mercury Vapours
  3338 | D:4      | HP: 1/50 [orc priest/divine providence (11)]
  3343 | D:4      | Killed from afar by an orc priest

Illustrated notes

Levels and vault maps discovered:
D:1:      dpeg_arrival_chambers_temple_mockup, layout_basic,
          minmay_rat_gold_closets
D:2:      minmay_roachtagon, layout_loops_ring, shapermc_ecumenical_altar_petra
D:3:      minmay_wonky_spiral, layout_basic, nicolae_wu_jian_wuxing_cycle,
          grunt_qazlal_sundering
D:4:      layout_gridville, grunt_temple_overflow_open,
          biasface_ghost_orc_armoury, uniq_blork_the_orc

Skill      XL: |  1  2  3  4  5  6 |
---------------+-------------------+-----
Maces & Flails | 3 4 5 6 |  6.6
Fighting       | |  3.0
Armour         | |  1.0
Dodging        | |  2.1

Action                     |  1- 3 |  4- 6 |  7- 9 || total
---------------------------+-------+-------+-------++-------
  Melee: Mace              |    87 |   231 |    18 ||   336
         Punch             |     1 |     1 |       ||     2
         Lajatang          |       |       |     9 ||     9
  Evoke: Wand              |       |       |     1 ||     1
    Use: Scroll            |       |     5 |       ||     5
         Potion            |       |       |     1 ||     1
   Stab: Sleeping          |     1 |       |       ||     1
         Paralysed         |       |     2 |       ||     2
         Distracted        |       |     1 |       ||     1
 Armour: Leather armour    |    54 |   167 |    18 ||   239
  Dodge: Dodged            |    52 |   164 |    24 ||   240
